 Dungeon Crawl Stone Soup version 0.19.4-8-ga85b6b9 (webtiles) character file.

561028 PeterLawrence the Conqueror (level 25, -3/231 HPs)
             Began as a Minotaur Fighter on Feb 12, 2017.
             Was the Champion of Okawaru.
             Splashed with acid (9 damage)
             ... on level 4 of the Pits of Slime.
             The game lasted 02:43:12 (58854 turns).

PeterLawrence the Conqueror (Minotaur Fighter)     Turns: 58854, Time: 02:43:13

Health: -3/231     AC: 34    Str: 30    XL:     25   Next: 34%
Magic:  7/7        EV: 27    Int:  5    God:    Okawaru [******]
Gold:   1725       SH: 35    Dex: 17    Spells: 0 memorised, 24 levels left

rFire  + + .     SeeInvis +     r - +5 demon whip "Spellbinder" {antimagic, MR+}
rCold  + . .     Gourm    .     N - +9 plate armour of Okawaru's Wrath {rF+ rN+ Stlth+}
rNeg   + + .     Faith    .     p - +4 large shield {reflect}
rPois  .         Spirit   .     (helmet restricted)
rElec  .         Reflect  +     s - +2 cloak {+Inv}
rCorr  +         Harm     .     K - +2 pair of gloves of Atsuexze {MR+ Str+4}
MR     +++..                    b - +2 pair of boots "Tainafef" {rF+ rN+ Int+2}
Stlth  ..........               q - amulet "Xehu" {Reflect rC+ SH+4 SInv}
                                n - +4 ring of evasion
                                H - ring of resist corrosion

@: no status effects
A: retaliatory headbutt, horns 2, blurry vision 1, deformed body, dopey 1, frail
1, low mp 2
a: Heroism, Finesse, Renounce Religion, Evoke Invisibility
}: 3/15 runes: decaying, serpentine, silver


You were on level 4 of the Pits of Slime.
You worshipped Okawaru.
Okawaru was exalted by your worship.
You were not hungry.

You visited 10 branches of the dungeon, and saw 50 of its levels.
You also visited: Labyrinth.

You collected 7412 gold pieces.
You spent 5687 gold pieces at shops.

Inventory:

Hand Weapons
 r - the +5 demon whip "Spellbinder" (weapon) {antimagic, MR+}
   (Okawaru gifted it to you on level 3 of the Depths)

   It reduces the magical energy of the wielder, and disrupts the spells and
   magical abilities of those hit.
   Natural abilities and divine invocations are not affected.
   It affects your resistance to hostile enchantments.
 J - the +8 whip "Snakebite" {curare, rPois}
   (You found it on level 3 of the Lair of Beasts)

   It poisons the flesh of those it strikes.
   It protects you from poison.
Armour
 b - the +2 pair of boots "Tainafef" (worn) {rF+ rN+ Int+2}
   (Okawaru gifted it to you on level 4 of the Vaults)

   It affects your intelligence (+2).
   It protects you from fire.
   It protects you from negative energy.
 j - +2 gold dragon scales
 k - a +2 pair of boots of running
 p - a +4 large shield of reflection (worn)
 s - a +2 cloak of invisibility (worn)
 K - the +2 pair of gloves of Atsuexze (worn) {MR+ Str+4}
   (Okawaru gifted it to you on level 14 of the Dungeon)

   It affects your strength (+4).
   It affects your resistance to hostile enchantments.
 M - the +7 chain mail of Elygoq {rElec rF+}
   (You found it on level 4 of the Snake Pit)

   It protects you from fire.
   It insulates you from electricity.
 N - the +9 plate armour of Okawaru's Wrath (worn) {rF+ rN+ Stlth+}
   (Okawaru gifted it to you on level 4 of the Depths)

   It protects you from fire.
   It protects you from negative energy.
   It makes you more stealthy.
Jewellery
 n - a +4 ring of evasion (right hand)
 q - the amulet "Xehu" (around neck) {Reflect rC+ SH+4 SInv}
   (You found it on level 5 of the Vaults)

   [amulet of reflection]

   It shields you and reflects attacks.
   It protects you from cold.
   It lets you see invisible.
   It affects your SH (+4).
 z - the ring "Qiskeim" {rPois rF+++ Dex-4 Slay+1}
   (You found it on level 3 of the Depths)

   [ring of slaying]

   It affects your dexterity (-4).
   It affects your accuracy and damage with ranged weapons and melee attacks
   (+1).
   It renders you almost immune to fire.
   It protects you from poison.
 E - an uncursed amulet of regeneration
 H - a ring of resist corrosion (left hand)
Wands
 a - a wand of hasting (9/9)
 e - a wand of teleportation (8/9)
 y - a wand of disintegration (9/24)
 I - a wand of digging (9/24)
 Q - a wand of hasting (0/9)
 T - a wand of heal wounds (7/9)
Scrolls
 d - 2 scrolls of silence
 g - 17 scrolls of remove curse
 i - 14 scrolls of teleportation
 m - 5 scrolls of recharging
 o - 6 scrolls of magic mapping
 u - 3 scrolls of fear
 A - 6 scrolls of fog
 F - 45 scrolls of identify
 G - 7 scrolls of enchant weapon
 P - a scroll of holy word
 R - 3 scrolls of blinking
Potions
 h - a potion of resistance
 t - a potion of might
 v - 2 potions of flight
 x - 8 potions of agility
 B - 2 potions of cancellation
 D - 11 potions of curing
 S - a potion of haste
Comestibles
 f - 32 bread rations
 l - a royal jelly
 w - 28 meat rations


   Skills:
 O Level 27 Fighting
 - Level 14.8 Maces & Flails
 - Level 20.2 Armour
 + Level 22.7 Dodging
 - Level 25.3 Shields
 - Level 8.0 Invocations
 - Level 8.0 Evocations


You had 24 spell levels left.
You didn't know any spells.

Dungeon Overview and Level Annotations

Branches:
Dungeon (15/15)            Temple (1/1) D:7            Lair (6/6) D:10
  Swamp (4/4) Lair:2        Snake (4/4) Lair:3        Slime (5/5) Lair:6
    Orc (2/2) D:11            Elf (3/3) Orc:2        Vaults (5/5) D:13
  Crypt (0/3) Vaults:3     Depths (5/5) D:15            Zot (0/5) Depths:5

Altars:
Ashenzari
Cheibriados
Dithmenos
Elyvilon
Fedhas
Gozag
Hepliaklqana
Kikubaaqudgha
Makhleb
Nemelex Xobeh
Okawaru
Qazlal
Ru
Sif Muna
Trog
Uskayaw
Vehumet
Xom
Yredelemnul
The Shining One

Shops:
Orc:2 *?:%   Snake:2 [*   Snake:3 }   Snake:4 (:(   Vaults:1 (   Vaults:4 %%![

Portals:
Hell: Depths:1 Depths:2 Depths:3 Depths:4
Abyss: Depths:1 Depths:2 Depths:4
Pandemonium: Depths:1 Depths:3

Annotations:
D:7 1 runed door
Slime:5 Royal Jelly
Depths:1 2 runed doors


Innate Abilities, Weirdness & Mutations

You reflexively headbutt those who attack you in melee.
You have a pair of horns on your head.
Scrolls take you a little longer to read.
Armour fits poorly on your strangely shaped body.
You are dopey. (Int -2)
You are frail. (-10% HP)
Your magical capacity is very low. (-20% MP)


Message History

You block the acid blob's attack.
You whack the acid blob!
Your hands burn!
* * * LOW HITPOINT WARNING * * *
You headbutt the acid blob!
The acid blob is heavily wounded.
You are splashed with acid!
The walls burn you! You resist.
* * * LOW HITPOINT WARNING * * *
Unknown command.
You thrash the acid blob!!
Your hands burn!
* * * LOW HITPOINT WARNING * * *
You headbutt the acid blob!
The acid blob is almost dead.
You are splashed with acid!
The walls burn you! You resist.
* * * LOW HITPOINT WARNING * * *
You block the acid blob's attack.
You whack the acid blob!
You kill the acid blob!
Okawaru accepts your kill.
You are splashed with acid!
The walls burn you! You resist.
You die...

#.........#..##*
***
***##............#
**.#.##.....#....##
*,...........#.###
**.#........####
**#......##.##
##..######.## ###*
##.## ##@# ##.#
**,#.#*
*,,,#.#*****
**,*,...**,**
***,,,*,...,,,*
***,**,**,,...,**
**,,,,,,,*,,...**
*,,,,**,,,,,,,,,*


There were no monsters in sight!

Vanquished Creatures
  A juggernaut (Depths:4)
  The ghost of danebombitumenja the Merry Centaur, a master CeHu of Okawaru (Vaults:5)
  An ancient lich (Vaults:5)
  Frederick (Depths:3)
  the Lernaean hydra (Swamp:4)
  Saint Roka (Depths:2)
  Bai Suzhen (Swamp:4)
  3 golden dragons
  A caustic shrike (Depths:4)
  Jory (Depths:2)
  Jorgrun (Depths:2)
  2 tentacled monstrosities (Vaults:5)
  2 liches
  2 quicksilver dragons
  A titan (Vaults:5)
  Frances (Elf:1)
  2 deep elf master archers (Elf:3)
  2 deep elf blademasters (Elf:3)
  11 acid blobs
  3 sphinxes
  2 thorn hunters
  Kirke (Snake:3)
  6 shadow dragons (Vaults:5)
  5 storm dragons
  Donald (Elf:1)
  4 azure jellies
  Roxanne (D:14)
  6 nagarajas
  6 tengu reavers
  3 frost giants
  7 fire giants
  A draconian scorcher (Depths:5)
  9 deep elf sorcerers
  16 vault wardens
  An orc warlord (Vaults:5)
  Louise (Depths:2)
  A cacodemon (Depths:3)
  3 caustic shrike skeletons (Depths:3)
  Aizul (Snake:3)
  10 ironheart preservers
  7 deep elf elementalists
  2 entropy weavers
  A spriggan defender (Depths:4)
  4 war gargoyles
  19 very ugly things
  19 stone giants
  A green draconian (Depths:5)
  A juggernaut skeleton (Depths:3)
  5 large abominations
  8 vampire knights
  5 deep elf demonologists
  9 deep elf annihilators
  A purple draconian (Depths:5)
  2 spark wasps (Depths:4)
  A minotaur (Lab)
  A blizzard demon (Depths:1)
  9 deep elf death magi
  A merfolk javelineer (Depths:3)
  16 yaktaur captains
  5 jiangshi
  The ghost of vatarom the End of an Era, a journeyman DsFi of Qazlal (D:12)
  15 ettins
  A death ooze (Slime:5)
  6 fire dragons
  15 ogre magi
  11 great orbs of eyes
  5 deep elf high priests
  Josephine (Lair:6)
  4 rakshasas
  2 death knights
  18 naga warriors
  15 ice dragons
  6 centaur warriors
  22 hydras
  A catoblepas (D:14)
  15 anacondas
  3 ghost crabs
  9 alligators
  39 vault guards
  7 deep troll shamans
  The ghost of Sagrath01 the Carver, a novice MiGl of the Shining One (D:10)
  4 tengu warriors
  27 dancing weapons
  8 deep troll earth magi
  12 naga sharpshooters
  37 deep elf knights
  4 vampire magi
  A sun demon (Depths:3)
  3 orc high priests (Orc:2)
  A soul eater (Vaults:3)
  Nergalle (Lair:4)
  12 shock serpents
  2 spriggan berserkers
  4 iron trolls
  2 titan skeletons (Depths:3)
  A fire crab (shapeshifter) (Depths:4)
  3 sea snakes (Snake:3)
  6 salamander mystics (Snake:4)
  An entropy weaver zombie (Vaults:2)
  24 skeletal warriors
  2 glowing orange brains
  6 wizards
  A torturous demonspawn (Depths:3)
  4 shambling mangroves
  6 unseen horrors
  10 naga ritualists
  A shadow wraith (Vaults:1)
  11 swamp dragons
  A spriggan druid (Swamp:2)
  3 flayed ghosts
  An orange crystal statue (Vaults:3)
  3 necromancers
  33 deep trolls
  11 orc knights
  20 deep elf archers
  8 harpies
  4 lindwurms (Snake:4)
  4 hill giants
  6 wolf spiders
  2 golden dragon skeletons (Depths:3)
  13 phantasmal warriors
  11 mana vipers
  4 frost giant zombies (Depths:2)
  50 ugly things
  2 harpies (shapeshifter)
  88 deep elf magi
  8 orc sorcerers
  A tengu skeleton (Depths:3)
  An oklob plant (Swamp:3)
  16 ironbrand convokers
  21 salamanders
  2 shadow dragon skeletons (Depths:3)
  3 fire giant zombies (Depths:2)
  4 cyclopes
  3 iron dragon skeletons (Depths:3)
  4 elephants (Lair:5)
  2 human skeletons
  A sphinx skeleton (Depths:3)
  4 manticores
  2 fire giant skeletons (Depths:3)
  7 shining eyes
  Maurice (D:9)
  22 naga magi
  2 eyes of devastation (Slime:5)
  Joseph (D:7)
  A guardian serpent (shapeshifter) (Vaults:4)
  A torpor snail (Lair:3)
  45 black mambas
  Psyche (D:11)
  A smoke demon (Depths:1)
  10 guardian serpents
  8 vault sentinels
  18 spiny frogs
  An orange demon (Depths:1)
  6 small abominations
  2 rime drakes
  2 spriggan skeletons (Depths:3)
  2 komodo dragons
  A komodo dragon (shapeshifter) (Vaults:5)
  11 freezing wraiths
  22 yaktaurs
  An ice devil (Depths:1)
  A queen bee (D:9)
  A jumping spider (Vaults:4)
  A troll (shapeshifter) (Vaults:2)
  A merfolk (D:12)
  7 polar bears
  A red devil (Depths:1)
  3 tengu conjurers
  9 trolls
  19 hornets
  22 two-headed ogres
  7 bog bodies
  A meliai (shapeshifter) (D:14)
  A fire giant simulacrum (Vaults:2)
  Prince Ribbit (D:7)
  6 tyrant leeches
  A human simulacrum (Vaults:2)
  2 dream sheep (Lair:3)
  8 blink frogs
  106 slime creatures
  9 hippogriffs
  4 redbacks
  18 spriggans
  2 air elementals
  4 elf skeletons (Depths:3)
  3 shadows
  4 tarantellas (shapeshifter)
  An ettin skeleton (Depths:3)
  A ynoxinul (Depths:3)
  12 flying skulls
  A hog (shapeshifter) (Vaults:4)
  A wyvern (shapeshifter) (Vaults:2)
  7 wraiths
  32 yaks
  9 water elementals
  A wyvern (Lair:5)
  6 basilisks
  2 fire elementals (Elf:3)
  19 humans (D:13)
  5 golden eyes
  4 hogs (Snake:3)
  5 chaos spawn
  3 vampire mosquitoes (Swamp:4)
  Menkaure (D:7)
  4 hungry ghosts
  3 mottled dragons (Vaults:1)
  18 insubstantial wisps
  50 nagas
  15 water moccasins
  22 swamp worms
  A warg (Vaults:1)
  A soldier ant (D:7)
  Duvessa (D:7)
  2 floating eyes
  9 hell hounds
  A hell hound (shapeshifter) (Elf:1)
  11 porcupines
  3 phantoms
  2 sky beasts
  40 orc warriors
  6 ice beasts
  15 swamp drakes
  2 black bears (shapeshifter)
  4 black bears
  65 ogres
  The ghost of danebombitumenja the Covered, an amateur FoFi (D:3)
  A necrophage (D:10)
  10 boggarts
  36 wolves
  15 centaurs
  An orc skeleton (Vaults:2)
  3 big kobolds
  7 crocodiles
  Blork the orc (D:4)
  16 bullfrogs
  5 earth elementals
  Dowan (D:7)
  30 killer bees
  5 scorpions
  14 wights
  3 howler monkeys
  6 electric eels
  4 centaur zombies
  8 crimson imps
  A bullfrog zombie (D:7)
  A quasit (D:14)
  3 hounds
  21 orc priests
  An iron imp (Depths:3)
  8 jellies
  16 orc wizards
  A bullfrog skeleton (D:5)
  5 centaur skeletons
  5 iguanas
  Terence (D:3)
  17 worker ants
  A hound zombie (D:5)
  A hound skeleton (D:4)
  A worker ant zombie (D:11)
  2 howler monkey skeletons
  10 adders
  2 shadow imps
  2 oozes
  An adder skeleton (D:6)
  A worm (D:2)
  3 dart slugs
  7 leopard geckos
  87 orcs
  7 giant cockroaches
  3 hobgoblins (D:3)
  6 jackals
  3 quokkas
  2 ball pythons
  14 bats
  4 frilled lizards
  9 goblins
  24 kobolds
  4 rats
  A crawling corpse (Elf:3)
  A withered plant (D:14)
2204 creatures vanquished.

Vanquished Creatures (others)
  A fire giant (Depths:1)
  A deep elf demonologist (Elf:3)
  A stone giant (Depths:3)
  A spark wasp (Depths:4)
  4 yaktaur captains
  A deep elf knight (Elf:1)
  A death drake (Slime:3)
  3 deep elf archers
  2 cyclopes (Vaults:2)
  A naga mage (Snake:4)
  2 yaktaurs
  A hornet (Swamp:4)
  A flying skull (Depths:2)
  2 humans (Snake:3)
  A golden eye (Slime:4)
  A swamp worm (Swamp:4)
  A floating eye (Depths:3)
  3 ogres
  A boggart (Depths:3)
  2 centaurs (Vaults:1)
  A ball lightning (Depths:4)
  2 crawling corpses (Elf:3)
  2 fire vortices
  3 fungi
  28 plants
  3 toadstools (Swamp:1)
70 creatures vanquished.

Grand Total: 2274 creatures vanquished

Notes
Turn   | Place    | Note
-------+----------+-------------------------------------------
     0 | D:1      | PeterLawrence the Minotaur Fighter began the quest for the Orb.
     0 | D:1      | Reached XP level 1. HP: 19/19 MP: 0/0
    93 | D:1      | Reached XP level 2. HP: 27/27 MP: 1/1
   754 | D:2      | Reached XP level 3. HP: 31/33 MP: 2/2
  1398 | D:3      | Noticed danebombitumenja's ghost (amateur FoFi)
  1564 | D:2      | Gained mutation: You occasionally shout uncontrollably at your foes. [potion of mutation]
  1564 | D:2      | Gained mutation: You have sharp toenails. [potion of mutation]
  1564 | D:2      | Gained mutation: Scrolls take you a little longer to read. [potion of mutation]
  1565 | D:2      | Gained mutation: You have a pair of large horns on your head. [potion of mutation]
  1565 | D:2      | Gained mutation: You evolve. [potion of mutation]
  1565 | D:2      | Gained mutation: You are resistant to hostile enchantments. (MR+) [potion of mutation]
  1571 | D:3      | Killed danebombitumenja's ghost
  1571 | D:3      | Reached XP level 4. HP: 39/40 MP: 3/3
  1571 | D:3      | Reached XP level 5. HP: 45/46 MP: 4/4
  1617 | D:3      | Found a snail-covered altar of Cheibriados.
  1811 | D:3      | Found a hazy altar of Hepliaklqana.
  1919 | D:3      | Found a burning altar of Makhleb.
  1972 | D:3      | Lost mutation: You have sharp toenails. [potion of cure mutation]
  1972 | D:3      | Lost mutation: You are resistant to hostile enchantments. (MR+) [potion of cure mutation]
  1972 | D:3      | Lost mutation: Scrolls take you a little longer to read. [potion of cure mutation]
  2058 | D:3      | Noticed Terence
  2065 | D:3      | Killed Terence
  2322 | D:4      | Reached XP level 6. HP: 35/52 MP: 5/5
  2536 | D:4      | Noticed Blork the orc
  2548 | D:4      | Killed Blork the orc
  2980 | D:4      | Gained mutation: You are agile. (Dex +2) [potion of beneficial mutation]
  3102 | D:4      | Found a glowing golden altar of the Shining One.
  3133 | D:4      | Reached skill level 4 in Fighting
  3289 | D:4      | Lost mutation: You occasionally shout uncontrollably at your foes. [evolution]
  3353 | D:4      | Found a blossoming altar of Fedhas.
  3535 | D:5      | Entered Level 5 of the Dungeon
  3590 | D:5      | Reached skill level 5 in Fighting
  3590 | D:5      | Reached XP level 7. HP: 61/61 MP: 6/6
  3730 | D:5      | Reached skill level 6 in Fighting
  3755 | D:6      | Noticed a hungry ghost
  3781 | D:5      | Killed a hungry ghost
  3781 | D:5      | Reached skill level 7 in Fighting
  4058 | D:5      | Gained mutation: You have sharp toenails. [evolution]
  4147 | D:5      | Reached skill level 8 in Fighting
  4178 | D:5      | Found a bloodstained altar of Trog.
  4378 | D:5      | Reached skill level 1 in Dodging
  4378 | D:5      | Reached XP level 8. HP: 73/74 MP: 7/7
  4829 | D:6      | Found a sparkling altar of Nemelex Xobeh.
  4838 | D:6      | Reached skill level 10 in Maces & Flails
  5157 | D:7      | Reached XP level 9. HP: 73/81 MP: 8/8
  5188 | D:7      | Noticed Duvessa
  5188 | D:7      | Noticed Dowan
  5189 | D:7      | Noticed Menkaure
  5447 | D:7      | Killed Menkaure
  5874 | D:7      | Noticed Prince Ribbit
  5889 | D:7      | Killed Prince Ribbit
  6378 | D:8      | Gained mutation: Your spells are a little harder to cast, but a little more powerful. [evolution]
  6481 | D:8      | Reached skill level 9 in Fighting
  7282 | D:9      | Gained mutation: You passively map a small area around you. [potion of beneficial mutation]
  7291 | D:9      | Found a sacrificial altar of Ru.
  7355 | D:9      | Reached skill level 10 in Fighting
  7366 | D:9      | Reached XP level 10. HP: 87/94 MP: 9/9
  7399 | D:9      | Reached skill level 11 in Fighting
  7697 | D:9      | Found a deep blue altar of Sif Muna.
  7716 | D:9      | Identified Sif Muna's Collected Works on Translocation
  7806 | D:9      | Noticed Maurice
  7830 | D:9      | Killed Maurice
  7906 | D:9      | Reached skill level 12 in Fighting
  8055 | D:9      | Reached skill level 5 in Armour
  8571 | D:7      | Found a runed door.
  8579 | D:7      | Found a runed door.
  8642 | D:7      | Killed Dowan
  8651 | D:7      | Killed Duvessa
  8673 | D:7      | Noticed Joseph
  8682 | D:7      | Killed Joseph
  8699 | D:7      | Found a staircase to the Ecumenical Temple.
  8709 | Temple   | Entered the Ecumenical Temple
  8880 | Temple   | Became a worshipper of Warmaster Okawaru
  9208 | D:10     | Entered Level 10 of the Dungeon
  9243 | D:10     | Reached skill level 1 in Invocations
  9261 | D:10     | Reached * piety under Okawaru
  9269 | D:10     | Reached XP level 11. HP: 71/105 MP: 10/12
  9314 | D:10     | Noticed Sagrath01's ghost (novice MiGl)
  9326 | D:10     | Killed Sagrath01's ghost
  9332 | D:10     | Found a staircase to the Lair.
 10041 | Lair:1   | Entered Level 1 of the Lair of Beasts
 10160 | Lair:1   | Reached ** piety under Okawaru
 10164 | Lair:1   | Reached skill level 5 in Dodging
 10629 | Lair:1   | Gained mutation: You have a beak for a mouth. [evolution]
 10791 | Lair:1   | Reached skill level 5 in Shields
 10823 | Lair:1   | Reached *** piety under Okawaru
 10949 | Lair:2   | Noticed a seven-headed hydra
 10961 | Lair:2   | Killed a seven-headed hydra
 10990 | Lair:2   | Noticed a seven-headed hydra
 10995 | Lair:2   | Killed a seven-headed hydra
 10995 | Lair:2   | Reached **** piety under Okawaru
 11260 | Lair:2   | Reached skill level 5 in Invocations
 11260 | Lair:2   | Reached XP level 12. HP: 102/113 MP: 14/14
 11293 | Lair:2   | Noticed a seven-headed hydra
 11306 | Lair:2   | Killed a seven-headed hydra
 11312 | Lair:2   | Reached ***** piety under Okawaru
 11495 | Lair:2   | Found a hazy altar of Hepliaklqana.
 11606 | Lair:2   | Found a staircase to the Swamp.
 11911 | Lair:2   | Noticed a five-headed hydra
 11919 | Lair:2   | Killed a five-headed hydra
 11919 | Lair:2   | Received a gift from Okawaru
 12271 | Lair:3   | Found a staircase to the Snake Pit.
 12539 | Lair:3   | Gained mutation: You are resistant to hostile enchantments. (MR+) [evolution]
 12951 | Lair:4   | Reached skill level 13 in Fighting
 13024 | Lair:4   | Noticed Nergalle
 13034 | Lair:4   | Killed Nergalle
 13416 | Lair:4   | Noticed a four-headed hydra
 13422 | Lair:4   | Killed a four-headed hydra
 13422 | Lair:4   | Reached skill level 14 in Fighting
 13762 | Lair:5   | Reached ****** piety under Okawaru
 13782 | Lair:5   | Received a gift from Okawaru
 13797 | Lair:5   | Reached XP level 13. HP: 123/125 MP: 18/18
 14014 | Lair:5   | Reached skill level 15 in Fighting
 14269 | Lair:6   | Entered Level 6 of the Lair of Beasts
 14337 | Lair:6   | Found a staircase to the Slime Pits.
 14467 | Lair:6   | Noticed Josephine
 14481 | Lair:6   | Killed Josephine
 14979 | Lair:6   | Reached skill level 10 in Armour
 15047 | Lair:6   | Received a gift from Okawaru
 16184 | Lair:5   | Got a steaming cloak {god gift}
 16195 | Lair:5   | Identified the +0 cloak "Azeq" {+Fly} (Okawaru gifted it to you on level 5 of the Lair of Beasts)
 16273 | Snake:1  | Entered Level 1 of the Snake Pit
 16296 | Snake:1  | Received a gift from Okawaru
 16317 | Snake:1  | Identified a +1 pair of boots of running (Okawaru gifted it to you on level 1 of the Snake Pit)
 16466 | Snake:1  | Reached skill level 10 in Shields
 16562 | Snake:1  | Gained mutation: You are partially covered in iridescent scales. (AC +2) [evolution]
 16589 | Snake:1  | Reached XP level 14. HP: 122/135 MP: 19/19
 17658 | D:11     | Received a gift from Okawaru
 17713 | D:11     | Found a staircase to the Orcish Mines.
 17714 | D:11     | Noticed Psyche
 17720 | D:11     | Killed Psyche
 18061 | Orc:1    | Entered Level 1 of the Orcish Mines
 18061 | Orc:1    | Found a shimmering altar of Xom.
 18479 | Orc:2    | Entered Level 2 of the Orcish Mines
 18490 | Orc:2    | Found a staircase to the Elven Halls.
 18739 | Orc:2    | Lost mutation: You have sharp toenails. [evolution]
 18739 | Orc:2    | Lost mutation: You evolve. [end of evolution]
 18872 | Orc:2    | Received a gift from Okawaru
 19094 | Orc:2    | Found Hefaag's General Store.
 19094 | Orc:2    | Found Adep's Magic Scroll Emporium.
 19113 | Orc:2    | Found Foiplaba's Book Boutique.
 19113 | Orc:2    | Found Uclabed's Food Emporium.
 19119 | Orc:2    | Bought a scroll of identify for 30 gold pieces
 19119 | Orc:2    | Bought a scroll of identify for 30 gold pieces
 19119 | Orc:2    | Bought a scroll of enchant weapon for 112 gold pieces
 19119 | Orc:2    | Bought a scroll of enchant armour for 112 gold pieces
 19119 | Orc:2    | Bought a potion of heal wounds for 75 gold pieces
 19122 | Orc:2    | Bought a bread ration for 50 gold pieces
 19122 | Orc:2    | Bought a bread ration for 50 gold pieces
 19122 | Orc:2    | Bought a meat ration for 50 gold pieces
 19122 | Orc:2    | Bought a meat ration for 50 gold pieces
 19122 | Orc:2    | Bought a bread ration for 50 gold pieces
 19124 | Orc:2    | Bought a scroll of identify for 32 gold pieces
 19124 | Orc:2    | Bought a scroll of identify for 32 gold pieces
 19124 | Orc:2    | Bought 2 scrolls of identify for 64 gold pieces
 19124 | Orc:2    | Bought a scroll of identify for 32 gold pieces
 19124 | Orc:2    | Bought a scroll of identify for 32 gold pieces
 19124 | Orc:2    | Bought 3 scrolls of teleportation for 144 gold pieces
 19517 | D:12     | Found a shattered altar of Ashenzari.
 19579 | D:12     | Noticed vatarom's ghost (journeyman DsFi)
 19620 | D:12     | Killed vatarom's ghost
 19696 | D:12     | Reached skill level 15 in Shields
 19907 | D:13     | Received a gift from Okawaru
 20316 | D:13     | Found a gate to the Vaults.
 20345 | D:13     | Reached XP level 15. HP: 81/141 MP: 20/20
 20684 | D:13     | Received a gift from Okawaru
 21262 | D:14     | Found a shimmering altar of Xom.
 21268 | D:14     | Found a shimmering altar of Xom.
 21268 | D:14     | Found a shimmering altar of Xom.
 21269 | D:14     | Found a shimmering altar of Xom.
 21269 | D:14     | Found a shimmering altar of Xom.
 21272 | D:14     | Found a shimmering altar of Xom.
 21272 | D:14     | Found a shimmering altar of Xom.
 21552 | D:14     | Noticed Roxanne
 21571 | D:14     | Reached skill level 15 in Armour
 22007 | D:14     | Received a gift from Okawaru
 22012 | D:14     | Got a pair of scorched gloves {god gift}
 22023 | D:14     | Identified the +2 pair of gloves of Atsuexze {MR+ Str+4} (Okawaru gifted it to you on level 14 of the Dungeon)
 22187 | D:14     | Killed Roxanne
 22492 | D:15     | Entered Level 15 of the Dungeon
 22520 | D:15     | Found a glowing golden altar of the Shining One.
 22552 | D:15     | Found a labyrinth entrance.
 22563 | Lab      | Entered a labyrinth
 22804 | Lab      | Identified the Handbook of the Unholy Compass
 23439 | D:15     | Reached skill level 16 in Fighting
 23447 | D:15     | Found a staircase to the Depths.
 23741 | Orc:2    | Bought a manual of Fighting for 1104 gold pieces
 24010 | Snake:2  | Found an iron altar of Okawaru.
 24084 | Snake:2  | Found Botepefi's General Store.
 24110 | Snake:2  | Reached skill level 17 in Fighting
 24144 | Snake:2  | Received a gift from Okawaru
 24550 | Snake:2  | Noticed a nagaraja
 24562 | Snake:2  | Killed a nagaraja
 24562 | Snake:2  | Reached skill level 18 in Fighting
 24645 | Snake:2  | Received a gift from Okawaru
 24881 | Snake:2  | Found Argholue's Antique Armour Shoppe.
 24884 | Snake:2  | Bought a smoking cloak for 313 gold pieces
 24894 | Snake:2  | Identified the +2 cloak of Fortitude {rC- Int+3 SInv} (You bought it in a shop on level 2 of the Snake Pit)
 25267 | Snake:3  | Reached skill level 19 in Fighting
 25454 | Snake:3  | Reached XP level 16. HP: 155/161 MP: 21/21
 25462 | Snake:3  | Noticed Aizul
 25479 | Snake:3  | Killed Aizul
 25505 | Snake:3  | Noticed Kirke
 25523 | Snake:3  | Killed Kirke
 25523 | Snake:3  | Reached skill level 20 in Fighting
 26614 | Snake:3  | Received a gift from Okawaru
 26775 | Snake:3  | Found Qobovyump's Gadget Shop.
 27301 | Snake:4  | Entered Level 4 of the Snake Pit
 27350 | Snake:4  | Received a gift from Okawaru
 27557 | Snake:4  | Got a polished flail {god gift}
 27558 | Snake:4  | Identified the +6 flail of Defa {crush, rF++ Int-3} (Okawaru gifted it to you on level 4 of the Snake Pit)
 28014 | Snake:4  | Reached skill level 10 in Dodging
 28325 | Snake:4  | Received a gift from Okawaru
 28506 | Snake:4  | Got a heavily runed chain mail
 28517 | Snake:4  | Identified the +7 chain mail of Elygoq {rElec rF+} (You found it on level 4 of the Snake Pit)
 28732 | Snake:4  | Found Paavanob's Antique Weapon Shoppe.
 28732 | Snake:4  | Found Ysaileak's Antique Weapon Emporium.
 28734 | Snake:4  | Found Vierr's Book Shoppe.
 28742 | Snake:4  | Found Ykoec's Distillery.
 28781 | Snake:4  | Bought a potion of heal wounds for 80 gold pieces
 28781 | Snake:4  | Bought a potion of resistance for 160 gold pieces
 28781 | Snake:4  | Bought a potion of might for 64 gold pieces
 28781 | Snake:4  | Bought a potion of agility for 64 gold pieces
 28781 | Snake:4  | Bought a potion of curing for 48 gold pieces
 28992 | Snake:4  | Received a gift from Okawaru
 29014 | Snake:4  | Reached XP level 17. HP: 152/172 MP: 18/22
 29602 | Snake:4  | Received a gift from Okawaru
 29752 | Snake:4  | Reached skill level 15 in Dodging
 30048 | Snake:4  | Got a serpentine rune of Zot
 30407 | Swamp:1  | Entered Level 1 of the Swamp
 30564 | Swamp:1  | Received a gift from Okawaru
 32484 | Swamp:3  | Reached XP level 18. HP: 165/180 MP: 23/23
 32937 | Swamp:4  | Entered Level 4 of the Swamp
 32937 | Swamp:4  | Noticed Bai Suzhen
 32972 | Swamp:4  | Killed Bai Suzhen
 33054 | Swamp:4  | Noticed the 27-headed Lernaean hydra
 33075 | Swamp:4  | Killed the 27-headed Lernaean hydra
 33075 | Swamp:4  | Received a gift from Okawaru
 33803 | Swamp:4  | Got a shimmering large shield {god gift}
 33814 | Swamp:4  | Identified the +2 large shield of Defence {rElec rF- rN+ Int+3} (Okawaru gifted it to you on level 4 of the Swamp)
 33950 | Swamp:4  | Got a decaying rune of Zot
 34392 | Elf:1    | Entered Level 1 of the Elven Halls
 34455 | Elf:1    | Received a gift from Okawaru
 34586 | Elf:1    | Gained mutation: Scrolls take you a little longer to read. [a neqoxec]
 34964 | Elf:1    | Noticed Frances
 34984 | Elf:1    | Killed Frances
 34984 | Elf:1    | Received a gift from Okawaru
 34984 | Elf:1    | Reached skill level 21 in Fighting
 35144 | Elf:1    | Noticed Donald
 35166 | Elf:1    | Killed Donald
 35625 | Elf:2    | Reached XP level 19. HP: 155/191 MP: 24/24
 35903 | Elf:2    | Reached skill level 22 in Fighting
 35964 | Elf:2    | Found a huge runed gate.
 35964 | Elf:2    | Found a huge runed gate.
 35964 | Elf:2    | Found a huge runed gate.
 35965 | Elf:2    | Found a huge runed gate.
 35967 | Elf:2    | Found a huge runed gate.
 36565 | Elf:2    | Received a gift from Okawaru
 36700 | Elf:2    | Reached skill level 23 in Fighting
 37059 | Elf:3    | Entered Level 3 of the Elven Halls
 37321 | Elf:3    | Received a gift from Okawaru
 37425 | Elf:3    | Reached skill level 1 in Evocations
 37650 | Elf:3    | Reached skill level 5 in Evocations
 38036 | Elf:3    | Received a gift from Okawaru
 38440 | Elf:3    | Got a pitted whip {flame}
 38446 | Elf:3    | Identified the +7 whip "Gurghacyu" {flame, rElec} (You took it off a deep elf mage on level 3 of the Elven Halls)
 38501 | Elf:3    | Reached XP level 20. HP: 204/204 MP: 19/25
 38531 | Elf:3    | Got a vibrating iron ring
 38573 | Elf:3    | Lost intelligence.
 38573 | Elf:3    | Identified the ring of Punuet {Fire rN++ Int-5 SInv Stlth+} (You took it off a deep elf elementalist on level 3 of the Elven Halls)
 39248 | Vaults:1 | Entered Level 1 of the Vaults
 39280 | Vaults:1 | Found Zaos's Weapon Shop.
 39405 | Vaults:1 | Reached skill level 24 in Fighting
 39675 | Vaults:1 | Received a gift from Okawaru
 41121 | Vaults:2 | Reached skill level 25 in Fighting
 41266 | Vaults:2 | Received a gift from Okawaru
 42557 | Vaults:3 | Received a gift from Okawaru
 42586 | Vaults:3 | Reached skill level 26 in Fighting
 42784 | Vaults:3 | Reached XP level 21. HP: 149/221 MP: 26/26
 43789 | Vaults:3 | Found a staircase to the Crypt.
 43892 | Vaults:4 | Found Lurghuax's Food Boutique.
 43975 | Vaults:4 | Got a polished mace
 43976 | Vaults:4 | Identified the +11 mace of Agony {pain, +Blink} (You found it on level 4 of the Vaults)
 44169 | Vaults:4 | Reached skill level 27 in Fighting
 44199 | Vaults:4 | Received a gift from Okawaru
 44249 | Vaults:4 | Found Domauv's Food Shoppe.
 44266 | Vaults:4 | Bought a bread ration for 65 gold pieces
 44266 | Vaults:4 | Bought a meat ration for 65 gold pieces
 44266 | Vaults:4 | Bought a meat ration for 65 gold pieces
 44266 | Vaults:4 | Bought a bread ration for 65 gold pieces
 44266 | Vaults:4 | Bought a meat ration for 65 gold pieces
 44266 | Vaults:4 | Bought a slice of pizza for 19 gold pieces
 44266 | Vaults:4 | Bought a bread ration for 65 gold pieces
 45033 | Vaults:4 | Found Haegarr's Distillery.
 45042 | Vaults:4 | Found Jyofeen's Armour Shoppe.
 45188 | Vaults:4 | Bought a bread ration for 70 gold pieces
 45188 | Vaults:4 | Bought a bread ration for 70 gold pieces
 45188 | Vaults:4 | Bought a meat ration for 70 gold pieces
 45188 | Vaults:4 | Bought a meat ration for 70 gold pieces
 45188 | Vaults:4 | Bought a bread ration for 70 gold pieces
 45188 | Vaults:4 | Bought a meat ration for 70 gold pieces
 45657 | Vaults:5 | Entered Level 5 of the Vaults
 45720 | Vaults:4 | Received a gift from Okawaru
 46329 | Depths:1 | Entered Level 1 of the Depths
 46688 | Depths:1 | Reached XP level 22. HP: 100/233 MP: 27/27
 46992 | Depths:1 | Found a one-way gate to the infinite horrors of the Abyss.
 47043 | Depths:1 | Found a gateway to Hell.
 47115 | Depths:1 | Found a one-way gate leading to the halls of Pandemonium.
 47354 | Depths:1 | Found a runed door.
 47362 | Depths:1 | Found a runed warning-scrawled door.
 47365 | Depths:1 | Found a runed door.
 48179 | Depths:2 | Noticed Louise
 48191 | Depths:2 | Noticed Jorgrun
 48192 | Depths:2 | Noticed Saint Roka
 48838 | Vaults:4 | Received a gift from Okawaru
 48883 | Vaults:4 | Received a gift from Okawaru
 48886 | Vaults:4 | Got a pair of translucent boots {god gift}
 49082 | Vaults:4 | Identified the +2 pair of boots "Tainafef" {rF+ rN+ Int+2} (Okawaru gifted it to you on level 4 of the Vaults)
 49311 | Vaults:5 | Got a warped plate armour
 49324 | Vaults:5 | Identified the +1 plate armour of Theory {rPois rN+ Dex-5 SInv} (You found it on level 5 of the Vaults)
 49533 | Vaults:5 | Noticed a golden dragon
 49547 | Vaults:5 | Killed a golden dragon
 49966 | Vaults:5 | Reached XP level 23. HP: 215/240 MP: 22/28
 50392 | Vaults:5 | Noticed danebombitumenja's ghost (master CeHu)
 50439 | Vaults:5 | Noticed an ancient lich
 50451 | Vaults:5 | Killed an ancient lich
 50451 | Vaults:5 | Received a gift from Okawaru
 50459 | Vaults:5 | Killed danebombitumenja's ghost
 50626 | Vaults:5 | Got an obsidian-encrusted chain mail
 50637 | Vaults:5 | Identified the cursed +0 chain mail of Conscience {+Blink rPois Int-4 Stlth+} (You found it on level 5 of the Vaults)
 50730 | Vaults:5 | Got a silver rune of Zot
 50931 | Vaults:5 | Got a clouded ivory amulet
 50937 | Vaults:5 | Identified the amulet "Xehu" {Reflect rC+ SH+4 SInv} (You found it on level 5 of the Vaults)
 51706 | Snake:4  | Received a gift from Okawaru
 51709 | Snake:4  | Got a smoking scale mail {god gift}
 51720 | Snake:4  | Identified the +1 scale mail of Okawaru's Benevolence {Regen+} (Okawaru gifted it to you on level 4 of the Snake Pit)
 51776 | Snake:4  | Bought a potion of cure mutation for 400 gold pieces
 51776 | Snake:4  | Bought 2 potions of cure mutation for 800 gold pieces
 51776 | Snake:4  | Bought a potion of curing for 48 gold pieces
 52036 | Orc:2    | Bought a scroll of acquirement for 832 gold pieces
 52189 | D:14     | Got a pair of pitted gloves
 52203 | D:14     | Identified the +1 pair of gloves of Death's Door {+Inv rPois rC+ rCorr} (You acquired it on level 14 of the Dungeon)
 52519 | Depths:2 | Killed Saint Roka
 52585 | Depths:2 | Killed Jorgrun
 52732 | Depths:2 | Noticed Jory
 52772 | Depths:2 | Killed Jory
 53093 | Depths:2 | Killed Louise
 53357 | Depths:2 | Found an ancient bone altar of Kikubaaqudgha.
 53592 | Depths:3 | Reached XP level 24. HP: 216/249 MP: 28/28
 53684 | Depths:3 | Paralysed by a floating eye for 3 turns
 53694 | Depths:3 | Paralysed by a floating eye for 2 turns
 53703 | Depths:3 | Paralysed by a floating eye for 4 turns
 53720 | Depths:3 | Paralysed by a floating eye for 4 turns
 54214 | Depths:3 | Received a gift from Okawaru
 54353 | Depths:3 | Noticed Frederick
 54367 | Depths:3 | Killed Frederick
 54876 | Depths:3 | Got a clouded wooden ring
 54878 | Depths:3 | Identified the ring "Qiskeim" {rPois rF+++ Dex-4 Slay+1} (You found it on level 3 of the Depths)
 55286 | Depths:4 | Received a gift from Okawaru
 55430 | Depths:4 | Received a gift from Okawaru
 55767 | Depths:4 | Paralysed by a floating eye for 3 turns
 55777 | Depths:4 | Paralysed by a floating eye for 3 turns
 55933 | Depths:4 | Received a gift from Okawaru
 55939 | Depths:4 | Got a bloodstained plate armour {god gift}
 55953 | Depths:4 | Noticed a juggernaut
 55955 | Depths:4 | Identified the +9 plate armour of Okawaru's Wrath {rF+ rN+ Stlth+} (Okawaru gifted it to you on level 4 of the Depths)
 55971 | Depths:4 | Killed a juggernaut
 56665 | Depths:5 | Entered Level 5 of the Depths
 56782 | Depths:5 | Found a gate to the Realm of Zot.
 57580 | Slime:1  | Entered Level 1 of the Pits of Slime
 57614 | Slime:2  | Reached XP level 25. HP: 253/257 MP: 4/28
 57682 | Slime:3  | Gained mutation: You are dopey. (Int -2) [a shining eye]
 57685 | Slime:3  | Gained mutation: Armour fits poorly on your strangely shaped body. [a shining eye]
 57699 | Slime:3  | Gained mutation: You are robust. (+10% HP) [a shining eye]
 57703 | Slime:3  | Gained mutation: You are weak. (Str -2) [a shining eye]
 57899 | Slime:1  | Gained mutation: Your magical capacity is low. (-10% MP) [a shining eye]
 58177 | Slime:5  | Entered Level 5 of the Pits of Slime
 58179 | Slime:5  | Lost mutation: You are agile. (Dex +2) [a shining eye]
 58187 | Slime:5  | Lost mutation: You are robust. (+10% HP) [potion of cure mutation]
 58187 | Slime:5  | Lost mutation: You passively map a small area around you. [potion of cure mutation]
 58187 | Slime:5  | Lost mutation: You are resistant to hostile enchantments. (MR+) [potion of cure mutation]
 58187 | Slime:5  | Lost mutation: You are dopey. (Int -2) [potion of cure mutation]
 58188 | Slime:5  | Lost mutation: Your magical capacity is low. (-10% MP) [potion of cure mutation]
 58188 | Slime:5  | Lost mutation: You are partially covered in iridescent scales. (AC +2) [potion of cure mutation]
 58188 | Slime:5  | Lost mutation: Your spells are a little harder to cast, but a little more powerful. [potion of cure mutation]
 58188 | Slime:5  | Lost mutation: Scrolls take you a little longer to read. [potion of cure mutation]
 58189 | Slime:5  | Lost mutation: You are weak. (Str -2) [potion of cure mutation]
 58189 | Slime:5  | Lost mutation: You have a pair of large horns on your head. [potion of cure mutation]
 58189 | Slime:5  | Lost mutation: You have a beak for a mouth. [potion of cure mutation]
 58210 | Slime:5  | Gained mutation: Scrolls take you a little longer to read. [a shining eye]
 58212 | Slime:5  | Gained mutation: Your magical capacity is low. (-10% MP) [a shining eye]
 58213 | Slime:5  | Gained mutation: Your magical capacity is very low. (-20% MP) [a shining eye]
 58218 | Slime:5  | Gained mutation: You are dopey. (Int -2) [a shining eye]
 58248 | Slime:5  | Received a gift from Okawaru
 58397 | Slime:5  | Paralysed by a floating eye for 3 turns
 58403 | Slime:5  | Paralysed by a floating eye for 3 turns
 58409 | Slime:5  | Gained mutation: You are frail. (-10% HP) [a shining eye]
 58713 | Slime:5  | Noticed the Royal Jelly
 58853 | Slime:4  | HP: 6/231 [acid (8)]
 58854 | Slime:4  | Splashed with acid

Skill      XL: |  1  2  3  4  5  6  7  8  9 10 11 12 13 14 15 16 17 18 19 20 21 22 23 24 25 |
---------------+----------------------------------------------------------------------------+-----
Maces & Flails | 3 4 6 7 8 11 13 14 | 14.8
Fighting       | 5 8 10 12 14 15 19 20 21 23 26 27 | 27.0
Dodging        | 1 2 6 12 15 16 21 22 | 22.7
Armour         | 7 12 14 16 17 20 | 20.2
Invocations    | 3 5 8 |  8.0
Shields        | 8 10 15 18 22 25 | 25.3
Evocations     | 7 8 |  8.0

Action                   |  1- 3 |  4- 6 |  7- 9 | 10-12 | 13-15 | 16-18 | 19-21 | 22-24 | 25-27 || total
-------------------------+-------+-------+-------+-------+-------+-------+-------+-------+-------++-------
Melee: Flail             |   119 |   113 |   271 |   544 |       |    49 |       |       |       ||  1096
       Headbutt          |    20 |    20 |    64 |   136 |   490 |   658 |   773 |  1063 |   180 ||  3404
       Kick              |     3 |     8 |    82 |   106 |       |       |       |       |       ||   199
       Peck              |       |       |       |    75 |   432 |   607 |   673 |   976 |    88 ||  2851
       Whip              |       |       |       |   104 |  1584 |  2007 |  1564 |       |       ||  5259
       Mace              |       |       |       |       |       |       |   572 |  1704 |       ||  2276
       Demon whip        |       |       |       |       |       |       |       |   798 |   418 ||  1216
Invok: Heroism           |       |       |       |     4 |     2 |     1 |     1 |     3 |       ||    11
       Finesse           |       |       |       |       |     4 |     9 |     6 |     8 |       ||    27
 Abil: Evoke Invisibilit |       |       |       |       |       |       |     2 |       |       ||     2
       Evoke Blink       |       |       |       |       |       |       |     1 |       |       ||     1
Evoke: Wand              |       |       |     1 |       |     5 |     1 |    11 |    19 |     2 ||    39
  Use: Potion            |     3 |     3 |     4 |     4 |     1 |     6 |    10 |     2 |     7 ||    40
       Scroll            |       |       |    16 |    10 |    16 |     6 |     9 |    15 |     1 ||    73
 Stab: Invisible         |       |       |       |       |     2 |       |     1 |       |       ||     3
       Distracted        |       |       |       |       |       |       |       |     2 |       ||     2
       Paralysed         |       |       |       |       |       |       |       |     2 |       ||     2
       Confused          |       |       |       |       |       |       |       |     1 |       ||     1
  Eat: Chunk             |     2 |     6 |     8 |    16 |    22 |     7 |     5 |     2 |       ||    68
       Bread ration      |       |       |     2 |       |       |     2 |     1 |     1 |       ||     6
       Beef jerky        |       |       |     1 |       |     2 |     1 |       |     3 |       ||     7
       Pizza             |       |       |     2 |     1 |     2 |     2 |     2 |     4 |       ||    13
       Royal jelly       |       |       |       |     3 |     2 |     5 |     4 |     5 |       ||    19
       Fruit             |       |       |       |     1 |    10 |     5 |     7 |     7 |       ||    30
       Meat ration       |       |       |       |       |       |       |     2 |     1 |       ||     3
Armor: Scale mail        |    61 |    39 |       |       |       |       |       |       |       ||   100
       Chain mail        |       |     2 |    29 |       |   119 |   442 |   314 |   199 |       ||  1105
       Plate armour      |       |       |    98 |   242 |   282 |       |     2 |    32 |    45 ||   701
       Gold dragon scale |       |       |       |       |       |       |       |   332 |       ||   332
Dodge: Dodged            |    33 |    29 |    51 |   152 |   286 |   574 |   536 |   855 |    66 ||  2582
Block: Shield            |    82 |    46 |   119 |   330 |   731 |  1186 |   757 |       |       ||  3251
       Reflection        |       |       |       |       |    30 |    79 |    97 |    84 |    10 ||   300
       Large shield      |       |       |       |       |       |       |   586 |  2732 |   329 ||  3647
